Map: Ever Dream LE

Players

Eleven - Winner!

  • Race: Zerg Zerg
  • League: Diamond
  • Spawn Location: 7:00

A.I. 1 (Hard)

  • Race: Terran Terran
  • Spawn Location: 1:00

VOD

Have the link to the VOD?

Description

Roach Ravager into lurker vs all races. This will work the least vs Terran but its still possible to get a win. Its not exactly the meta but i'm trying to find something that can semi work vs all three races.

Time

  • Played on: July 7, 2020, 12:40 a.m.
  • Length: 14:14
Show
View Real Time Build Order
Export as new Build Order

Eleven Zerg - Winner!

Build Orders: Hatch First, Lurkers, Roach Hydra 

Get SALT Encoding   

  12  0:01  Drone  
  13  0:12  Overlord  
  13  0:16  Drone  
  14  0:31  Drone x2  
  16  0:49  Hatchery  
  15  0:52  Drone  
  15  0:56  Drone  
  17  0:59  Drone  
  18  1:10  Extractor  
  17  1:15  Spawning Pool  
  16  1:19  Drone  
  16  1:22  Drone  
  18  1:28  Drone  
  19  1:41  Drone  
  20  1:54  Overlord  
  20  2:02  Queen x2  
  20  2:03  Zergling x4  
  26  2:12  Drone  
  27  2:23  Hatchery  
  27  2:26  Drone  
  27  2:32  Metabolic Boost  
  27  2:37  Overlord  
  27  2:45  Queen  
  27  2:48  Drone  
  27  2:51  Drone  
  31  2:55  Drone  
  31  2:58  Drone  
  33  3:03  Drone x2  
  33  3:05  Drone  
  36  3:07  Drone  
  37  3:17  Drone  
  37  3:18  Overlord  
  38  3:26  Drone  
  40  3:27  Drone  
  40  3:28  Queen, Drone  
  40  3:30  Drone  
  44  3:36  Lair  
  44  3:42  Queen  
  46  3:55  Extractor  
  45  3:58  Drone x2  
  45  3:59  Evolution Chamber, Drone x2  
  45  4:00  Roach Warren  
  47  4:04  Overlord  
  47  4:07  Drone x3  
  50  4:13  Overlord  
  50  4:22  Overlord  
  50  4:27  Queen  
  50  4:29  Drone x2  
  50  4:30  Drone x4  
  58  4:35  Zerg Missile Weapons Level 1  
  58  4:36  Drone x2  
  58  4:38  Drone  
  61  4:46  Roach  
  61  4:47  Roach x3  
  69  4:55  Drone  
  69  4:56  Drone x2, Overlord x2  
  72  5:06  Drone x2  
  74  5:09  Overlord  
  74  5:12  Overlord  
  74  5:14  Glial Reconstitution  
  74  5:18  Drone x4  
  74  5:20  Roach x2  
  82  5:32  Extractor, Hatchery  
  80  5:36  Extractor  
  80  5:39  Drone x2  
  80  5:40  Hatchery, Drone x2  
  80  5:41  Drone  
  80  5:42  Drone x3  
  86  5:44  Drone  
  86  5:46  Drone x3  
  86  5:48  Drone  
  91  5:50  Extractor x2  
  89  6:00  Roach x5  
  99  6:08  Drone x2  
  99  6:10  Evolution Chamber, Baneling Nest, Roach x3  
  105  6:12  Overlord  
  105  6:13  Overlord  
  105  6:34  Ravager x3  
  105  6:35  Ravager  
  109  6:43  Drone x2  
  109  6:44  Drone  
  109  6:46  Roach x7  
  126  6:48  Drone x2  
  126  6:49  Overlord x3  
  126  6:52  Queen  
  130  7:04  Roach  
  130  7:05  Roach  
  134  7:08  Queen  
  134  7:13  Hydralisk Den, Zerg Missile Weapons Level 2  
  134  7:14  Zerg Ground Armor Level 1  
  135  7:25  Infestation Pit, Drone x16  
  150  7:33  Ravager x2  
  152  7:48  Extractor, Drone x3  
  152  7:49  Extractor, Drone x3  
  152  7:50  Overlord x4  
  156  8:01  Lurker Den  
  156  8:02  Hive  
  156  8:05  Hatchery, Spire  
  153  8:16  Hatchery  
  152  8:22  Overlord  
  152  8:29  Muscular Augments  
  152  8:48  Hydralisk x7  
  154  8:49  Hydralisk x5  
  154  8:50  Hydralisk x3  
  182  9:05  Pneumatized Carapace  
  182  9:06  Overseer x3  
  182  9:09  Extractor  
  181  9:14  Unknown  
  180  9:29  Adaptive Talons  
  180  9:31  Greater Spire  
  180  9:34  Zerg Missile Weapons Level 3  
  180  9:40  Grooved Spines  
  180  9:44  Drone x3  
  180  9:45  Drone x3  
  186  9:50  Zerg Ground Armor Level 2  
  186  9:59  Lurker x2  
  189  10:00  Lurker  
  189  10:18  Lurker x3  
  189  10:19  Lurker x2  
  193  10:26  Seismic Spines  
  181  10:30  Hydralisk x5  
  181  10:31  Hydralisk  
  191  11:00  Extractor  
  190  11:14  Lurker  
  190  11:15  Lurker  
  190  11:17  Lurker  
  190  11:18  Lurker x7  
  199  11:24  Overseer  
  199  11:25  Overseer  
  191  12:26  Hydralisk x4  
  187  13:06  Overlord x2  
  187  13:07  Overlord x4  
Show
View Real Time Build Order
Export as new Build Order

A.I. 1 (Hard) Terran 

Build Orders: 2 Factory 

Get SALT Encoding   

  12  0:00  SCV  
  13  0:13  SCV  
  14  0:18  Supply Depot  
  14  0:25  SCV  
  15  0:39  SCV  
  15  0:41  Barracks  
  16  0:52  SCV  
  17  1:04  SCV  
  18  1:14  Command Center  
  18  1:28  Orbital Command  
  18  1:29  Marine  
  19  1:38  Supply Depot  
  19  1:45  Refinery  
  19  1:47  Marine  
  20  1:54  SCV  
  20  2:01  Barracks  
  21  2:07  Refinery, SCV  
  22  2:12  Marine  
  23  2:19  SCV  
  24  2:26  Supply Depot  
  24  2:31  Barracks Tech Lab  
  24  2:32  SCV  
  25  2:45  SCV  
  25  2:47  Marine  
  25  2:49  SCV  
  28  2:57  SCV  
  29  3:00  Refinery  
  29  3:01  SCV  
  29  3:03  Marine  
  31  3:06  Barracks Tech Lab  
  31  3:13  Factory  
  31  3:21  Marine, Factory  
  32  3:30  Refinery  
  32  3:35  Marauder  
  34  3:53  SCV  
  34  3:55  SCV  
  36  3:57  Factory Tech Lab  
  36  4:00  Starport  
  36  4:04  Starport  
  36  4:05  Factory Tech Lab, Marauder  
  36  4:06  SCV  
  39  4:10  SCV  
  40  4:18  SCV  
  40  4:20  Reaper  
  40  4:22  SCV  
  43  4:24  Stimpack  
  43  4:30  SCV  
  44  4:32  Combat Shield  
  44  4:34  SCV  
  44  4:37  Starport Tech Lab  
  45  4:40  Starport Tech Lab  
  45  4:42  SCV  
  45  4:43  Engineering Bay  
  46  4:48  SCV  
  47  4:54  SCV  
  47  4:59  Supply Depot  
  48  5:01  SCV  
  48  5:04  Marine  
  48  5:06  SCV  
  51  5:09  Terran Infantry Armor Level 1  
  51  5:13  SCV  
  52  5:18  SCV  
  52  5:20  Marine  
  54  5:24  Supply Depot  
  54  5:25  SCV  
  55  5:30  SCV  
  56  5:36  Marauder  
  56  5:37  SCV  
  58  5:43  SCV  
  58  5:47  Supply Depot  
  58  5:49  SCV  
  60  5:50  Concussive Shells  
  60  5:52  Marauder  
  60  5:55  SCV  
  63  6:01  SCV  
  64  6:08  Reaper  
  64  6:09  SCV  
  66  6:11  Supply Depot  
  66  6:13  SCV  
  67  6:21  SCV  
  67  6:23  Siege Tank  
  71  6:25  Ghost Academy  
  71  6:33  SCV  
  71  6:34  SCV  
  71  6:35  Supply Depot  
  71  6:39  Cyclone  
  75  6:42  Missile Turret  
  75  6:45  Missile Turret, SCV  
  76  6:48  Missile Turret  
  76  6:50  Missile Turret  
  76  6:55  Viking  
  76  6:57  Raven  
  76  6:58  Sensor Tower  
  76  6:59  Supply Depot  
  80  7:03  Terran Infantry Weapons Level 1  
  80  7:06  Bunker  
  80  7:09  Armory  
  80  7:10  Ghost  
  80  7:14  Barracks  
  82  7:15  Bunker  
  82  7:24  Raven  
  84  7:58  Thor  
  84  8:02  Barracks Reactor  
  89  9:52  Command Center  
  89  9:54  Terran Infantry Weapons Level 2, Medivac, Siege Tank  
  89  9:57  Supply Depot  
  89  9:58  Terran Vehicle Weapons Level 1  
  94  10:00  Hellion, Engineering Bay  
  96  10:16  Medivac  
  96  10:21  Siege Tank  
  96  10:22  Supply Depot  
  96  10:24  Medivac  
  96  10:25  Terran Infantry Armor Level 2  
  96  10:26  Hellion  
  96  10:27  Marine  
  83  10:33  Fusion Core, Marine  
  73  10:38  Marine  
  74  10:44  Marine  
  74  10:46  Raven  
  77  10:50  Marine  
  77  10:56  Armory, Siege Tank  
  81  11:02  Marine  
  82  11:04  SCV  
  82  11:06  SCV  
  82  11:07  Marine, SCV  
  86  11:13  Marine  
  86  11:15  Refinery  
  86  11:16  SCV  
  86  11:18  SCV  
  89  11:19  Siege Tank  
  89  11:20  SCV  
  93  11:25  Missile Turret  
  93  11:27  Missile Turret  
  93  11:28  Siege Tank  
  93  11:29  Refinery  
  96  11:36  SCV  
  96  11:38  SCV  
  96  11:39  SCV  
  99  11:47  Bunker  
  99  11:51  Siege Tank  
  102  12:00  Marine, Siege Tank  
  91  12:04  Viking  
  84  12:08  Marauder  
  84  12:12  Viking  
  84  12:15  SCV  
  79  12:17  SCV  
  79  12:19  Marauder  
  79  12:21  Marine  
  60  12:27  SCV  
  60  12:29  SCV  
  64  12:30  Marauder  
  64  12:34  Viking  
  58  12:39  SCV  
  58  12:40  Marine, Marauder  
  58  12:42  Missile Turret  
  48  12:51  SCV, Marauder  
  31  13:03  SCV  
  19  13:15  Command Center  
  7  13:33  Command Center  
Tags
 
Add a new tag
Caveats
  • Supply blocks, unpowered buildings, or Contaminate may cause inaccurate times.
  • Supply counts are checked every 10 seconds.